Map: Rhoskallian LE

Players

Massa - Winner!

  • Race: Terran Terran
  • League: Platinum
  • Spawn Location: 11:00

qqq - Winner!

  • Race: Zerg Zerg
  • Spawn Location: 12:00

Hydra

  • Race: Zerg Zerg
  • League: Diamond
  • Spawn Location: 5:00

Teslon

  • Race: Protoss Protoss
  • League: Platinum
  • Spawn Location: 6:00

VOD

Have the link to the VOD?

Description

Time

  • Played on: Feb. 11, 2021, 2:44 p.m.
  • Length: 22:44
Show
View Real Time Build Order
Export as new Build Order

Massa Terran - Winner!

Build Orders: 1/1/1 

Get SALT Encoding   

  12  0:00  SCV  
  13  0:12  SCV  
  14  0:23  Supply Depot  
  14  0:24  SCV  
  15  0:42  Refinery  
  15  0:45  SCV  
  15  0:47  Barracks  
  16  0:54  Refinery  
  16  0:58  SCV  
  17  1:10  SCV  
  18  1:22  SCV  
  19  1:34  SCV, Factory  
  19  1:36  Marine  
  22  1:47  Orbital Command  
  21  1:54  Marine  
  22  2:09  Supply Depot  
  22  2:12  Marine  
  23  2:21  Starport  
  23  2:30  SCV, Marine  
  23  2:31  Hellion  
  27  2:52  Hellion, Marine  
  30  3:02  Supply Depot  
  30  3:04  SCV  
  31  3:13  Barracks Tech Lab  
  31  3:22  Factory Tech Lab  
  31  3:24  Medivac  
  31  3:26  Command Center  
  33  3:33  Stimpack  
  33  3:34  Marine  
  34  3:40  SCV  
  35  3:49  Siege Tank  
  35  3:52  SCV  
  39  4:19  Supply Depot  
  39  4:26  Barracks  
  39  4:38  Widow Mine, SCV, Liberator  
  45  4:42  Supply Depot  
  45  4:50  SCV  
  38  5:17  Siege Tank  
  38  5:18  Marine  
  38  5:19  Barracks Reactor  
  38  5:20  Orbital Command, Medivac  
  43  5:21  SCV  
  43  5:32  Engineering Bay  
  43  5:33  SCV  
  44  5:35  Marine  
  44  5:40  Supply Depot  
  45  5:45  SCV  
  45  5:49  Cyclone  
  49  5:50  Medivac  
  49  5:53  Marine  
  52  5:57  SCV  
  52  6:03  Supply Depot  
  53  6:12  Missile Turret  
  53  6:14  SCV x2  
  53  6:18  Missile Turret  
  55  6:20  Refinery  
  55  6:22  Marauder  
  55  6:24  Marine  
  58  6:26  SCV x2, Supply Depot  
  60  6:38  SCV x2  
  62  6:41  Combat Shield  
  62  6:43  Marine  
  63  6:48  Marine x2  
  63  6:49  Supply Depot  
  65  7:00  Marine  
  66  7:05  Medivac  
  66  7:06  SCV x2, Marine x2  
  72  7:10  Command Center  
  72  7:18  SCV x2, Marine  
  75  7:24  Marine  
  75  7:25  Marine  
  75  7:26  Siege Tank  
  80  7:30  SCV  
  80  7:31  SCV  
  80  7:32  Barracks  
  80  7:37  Marauder  
  84  7:42  Marine x2  
  86  7:58  Marauder  
  88  8:00  Marine x2, Concussive Shells  
  83  8:13  Siege Tank  
  83  8:18  Marine x2  
  83  8:19  Marauder  
  83  8:41  Marauder  
  77  8:45  Marine  
  77  8:46  Barracks Tech Lab  
  77  8:48  Medivac  
  76  8:59  SCV x2  
  76  9:02  Marauder  
  80  9:03  Refinery  
  80  9:08  Marauder, Marine x2  
  81  9:11  SCV x2  
  82  9:18  Medivac  
  82  9:21  Terran Infantry Weapons Level 1  
  82  9:23  SCV  
  82  9:24  SCV, Armory, Marauder  
  88  9:26  Engineering Bay, Marine x2  
  88  9:29  Marauder  
  92  9:35  SCV  
  93  9:43  Barracks x2, Marine  
  93  9:44  Marine  
  93  9:45  Marauder  
  97  9:47  Missile Turret  
  97  9:49  Barracks, Supply Depot  
  97  9:50  Missile Turret, Supply Depot x2  
  97  9:51  Marauder  
  99  9:55  Planetary Fortress  
  99  9:57  SCV  
  99  9:58  SCV  
  101  10:01  Marine  
  101  10:02  Marine, Missile Turret  
  101  10:06  Marauder  
  105  10:10  Missile Turret  
  105  10:12  Starport Reactor, Marine  
  106  10:14  Supply Depot  
  106  10:23  Marine x2  
  106  10:27  Marine  
  106  10:29  Marine  
  73  10:36  Marine  
  73  10:40  Siege Tank  
  73  10:41  Marine x2  
  72  10:44  Marine x2  
  72  10:45  Marauder  
  72  10:48  Marauder  
  75  10:53  Marine  
  75  10:56  Missile Turret  
  75  10:57  SCV  
  75  10:58  Marine  
  75  10:59  Marine  
  80  11:05  Liberator x2  
  80  11:07  Marauder  
  80  11:09  SCV, Marauder  
  80  11:10  Barracks Tech Lab  
  89  11:11  Barracks Tech Lab, Marine  
  89  11:12  Siege Tank  
  89  11:16  Marine x2  
  93  11:21  SCV  
  94  11:28  Marauder  
  94  11:29  Marine  
  94  11:31  Marauder  
  99  11:34  Marine x2  
  92  11:44  Siege Tank  
  92  11:45  Marauder x2  
  96  11:47  Marine  
  96  11:50  Marauder  
  96  11:52  Marauder, Marine x2  
  90  12:05  Marine  
  90  12:06  Marine  
  90  12:07  Marauder  
  92  12:10  Marine  
  92  12:11  Marauder  
  92  12:13  Marauder  
  97  12:17  Missile Turret  
  97  12:19  Marine  
  97  12:22  Marine, Siege Tank  
  101  12:25  Marauder  
  101  12:27  Marine  
  101  12:28  Marauder  
  107  12:31  Terran Infantry Armor Level 1, Terran Infantry Weapons Level 2  
  107  12:32  Marauder, Command Center  
  107  12:35  Marauder, Command Center  
  107  12:36  Marine  
  111  12:54  Widow Mine  
  112  13:00  Command Center  
  112  13:05  Medivac  
  112  13:06  Medivac  
  116  13:32  Widow Mine  
  118  13:35  Medivac  
  118  13:36  SCV x2, Medivac  
  124  13:43  Drilling Claws  
  125  13:48  SCV x2  
  125  13:54  Widow Mine  
  128  13:58  Terran Vehicle Weapons Level 1  
  128  14:03  SCV x2  
  128  14:05  Medivac  
  128  14:06  Medivac  
  134  14:15  SCV x2  
  134  14:16  Marauder x4  
  144  14:35  Medivac  
  144  14:37  Marauder  
  148  14:50  Marauder x3  
  148  14:52  Siege Tank  
  136  14:57  Terran Infantry Armor Level 2  
  121  15:00  Supply Depot x2  
  121  15:01  Smart Servos  
  121  15:02  Marauder, Marine  
  121  15:03  Marine x2  
  122  15:11  Marauder x3  
  125  15:20  Marine  
  125  15:21  Marine x2  
  126  15:24  Siege Tank  
  126  15:25  Supply Depot x2  
  126  15:28  Marauder  
  133  15:32  Marauder x2  
  137  15:48  Supply Depot  
  135  15:56  Marauder x2, Marine, Siege Tank  
  137  16:19  Marauder  
  137  16:20  Marauder x3  
  137  16:23  SCV x2  
  147  16:25  Orbital Command  
  147  16:28  Refinery, Siege Tank  
  147  16:29  Refinery  
  150  16:35  SCV  
  150  16:36  SCV  
  150  16:38  Command Center  
  152  16:45  Medivac  
  135  17:06  Marauder  
  135  17:07  Marauder x3  
  108  17:23  Marine x3  
  108  17:28  Marauder x4  
  113  17:39  Thor  
  113  17:40  Marine  
  113  17:41  Marine x2  
  120  17:49  Marauder x2, Marine  
  100  17:53  Marauder  
  99  17:58  Marine x3  
  102  18:07  Marauder  
  102  18:11  Marauder  
  106  18:18  Planetary Fortress  
  106  18:23  Refinery  
  106  18:28  Refinery  
  100  18:48  Medivac x2  
  100  19:15  Siege Tank  
  100  19:16  Marine  
  100  19:17  Marauder x2, Marine x4  
  108  19:22  Command Center  
  112  19:27  Terran Infantry Weapons Level 3, Terran Infantry Armor Level 3  
  112  19:34  Marine x2  
  112  19:35  Marine  
  115  20:12  Marauder x4, Marine x3  
  115  20:13  Siege Tank  
  112  20:27  Medivac x2  
  115  20:30  Marine x3  
  115  20:33  Marauder, Marine  
  115  20:34  Marauder x2  
  123  20:46  Siege Tank  
  123  20:48  Marine x3  
  129  20:50  Planetary Fortress  
  129  20:51  Marine  
  129  20:52  SCV x3  
  129  20:53  SCV  
  129  20:54  Marine x3  
  129  20:56  Refinery  
  137  20:57  Medivac  
  137  20:58  Refinery  
  139  21:04  SCV  
  139  21:05  SCV  
  139  21:06  Marine x3  
  139  21:09  Marine  
  123  21:12  Marine x3  
  123  21:18  Siege Tank  
  120  21:23  Marine  
  120  21:24  Marine x2  
  118  21:27  Marine  
  118  21:30  Marine x3  
  122  21:44  Barracks Reactor, Marine x2  
  122  21:45  Marauder  
  126  21:48  SCV x4, Marauder x3  
  126  21:49  SCV  
  126  21:50  Siege Tank  
  140  22:00  SCV x4  
  143  22:02  Marine x2  
  143  22:06  Marauder, Command Center  
  141  22:09  Marine  
  141  22:10  Marauder x2  
  143  22:20  Marine x2  
Show
View Real Time Build Order
Export as new Build Order

qqq Zerg - Winner!

Build Orders: Hatch First, Zergling Baneling 

Get SALT Encoding   

  12  0:01  Drone  
  13  0:09  Drone  
  14  0:19  Overlord  
  14  0:45  Hatchery  
  14  0:49  Drone  
  14  0:53  Drone  
  15  0:58  Drone  
  16  1:07  Drone  
  17  1:17  Drone  
  18  1:31  Extractor, Spawning Pool  
  16  1:33  Drone x2  
  18  1:46  Drone  
  19  1:54  Drone  
  20  2:05  Drone  
  21  2:10  Overlord  
  21  2:11  Drone  
  22  2:18  Queen  
  22  2:19  Queen  
  22  2:21  Drone  
  27  2:24  Drone  
  28  2:31  Metabolic Boost  
  28  2:33  Drone  
  29  2:39  Overlord  
  29  2:42  Drone  
  30  2:45  Zergling x2  
  31  2:56  Drone  
  31  2:58  Zergling x2  
  33  3:01  Zergling x2  
  34  3:07  Zergling x2  
  34  3:11  Zergling x2, Baneling Nest  
  35  3:16  Zergling x2  
  35  3:21  Zergling x2  
  35  3:26  Zergling x2  
  37  3:30  Zergling x2  
  37  3:33  Overlord  
  38  3:35  Zergling x2  
  38  3:38  Zergling x2  
  38  3:40  Zergling x2  
  41  3:42  Hatchery  
  41  3:43  Zergling x2  
  41  3:45  Zergling x2  
  42  3:49  Zergling x2  
  42  3:50  Zergling x2  
  44  4:01  Baneling x4  
  45  4:02  Zergling x2  
  45  4:03  Zergling x4  
  45  4:08  Zergling x2  
  45  4:09  Drone  
  48  4:25  Zergling x6  
  48  4:26  Zergling x4  
  48  4:30  Overlord  
  51  4:44  Zergling x2  
  52  4:50  Baneling x6  
  52  4:51  Baneling x3, Overlord  
  52  4:52  Overlord  
  52  4:53  Overlord  
  38  5:23  Zergling x6  
  38  5:24  Zergling x4  
  41  5:28  Spore Crawler  
  41  5:29  Drone x3  
  41  5:30  Drone x4  
  38  5:38  Zergling x2  
  31  5:50  Zergling x2  
  31  5:56  Drone  
  22  6:03  Drone  
  23  6:11  Drone  
  23  6:17  Drone  
  25  6:34  Baneling x3  
  25  6:35  Baneling x3  
  25  6:37  Drone  
  26  6:42  Drone  
  26  6:47  Drone  
  24  7:07  Drone  
  24  7:08  Drone x4  
  26  7:13  Zergling x2  
  26  7:19  Zergling x2  
  27  7:23  Drone  
  27  7:25  Drone  
  29  7:40  Drone, Lair  
  29  7:42  Drone  
  31  7:46  Zergling x2  
  31  7:47  Baneling  
  31  7:48  Baneling  
  31  7:50  Baneling  
  32  7:51  Baneling  
  32  8:00  Zergling x6  
  32  8:02  Drone  
  35  8:19  Drone, Zergling x4  
  37  8:20  Drone x2  
  37  8:21  Drone x3  
  37  8:22  Drone  
  43  8:39  Drone x3, Spire  
  45  8:42  Extractor, Drone  
  45  8:48  Drone  
  46  9:02  Hatchery  
  45  9:03  Drone x4  
  45  9:04  Drone  
  45  9:08  Extractor x2, Drone  
  49  9:14  Drone  
  49  9:15  Drone x2  
  52  9:20  Drone  
  52  9:21  Drone, Infestation Pit  
  53  9:25  Drone x2  
  53  9:27  Drone  
  53  9:29  Drone  
  57  9:32  Drone  
  57  9:36  Overlord  
  58  9:44  Drone x3  
  61  9:52  Mutalisk  
  61  9:53  Mutalisk  
  61  9:54  Mutalisk  
  67  10:00  Corruptor  
  69  10:09  Drone  
  69  10:10  Drone x2, Spore Crawler  
  71  10:16  Hive  
  71  10:21  Corruptor  
  67  10:38  Spore Crawler  
  67  10:39  Corruptor x2  
  70  10:48  Baneling x5  
  70  10:49  Baneling  
  58  11:06  Baneling x4  
  58  11:07  Baneling x2  
  58  11:25  Drone x3  
  61  11:31  Mutalisk x3  
  61  11:45  Mutalisk  
  61  11:46  Zergling x8  
  61  11:47  Zergling x14  
  69  11:48  Drone, Zergling x2  
  76  11:56  Overlord  
  73  12:12  Mutalisk  
  73  12:14  Overlord x2  
  75  12:17  Zerg Flyer Armor Level 1  
  75  12:20  Hatchery  
  74  12:27  Drone x2  
  70  12:33  Hatchery  
  69  12:37  Spore Crawler  
  69  12:39  Drone x3  
  69  12:40  Corruptor  
  73  12:46  Corruptor  
  75  12:52  Baneling x4  
  75  12:53  Baneling x2  
  75  12:54  Baneling  
  58  13:20  Corruptor x2  
  58  13:21  Corruptor x2  
  66  13:32  Corruptor x2  
  70  13:46  Drone x3  
  70  13:48  Mutalisk  
  73  13:54  Drone  
  76  13:57  Zergling x8  
  80  14:09  Corruptor x2  
  80  14:11  Zerg Flyer Weapons Level 1  
  80  14:16  Zergling x8  
  88  14:18  Drone  
  88  14:22  Spore Crawler  
  86  14:42  Mutalisk x3  
  77  15:19  Mutalisk x4  
  77  15:21  Drone x6  
  75  15:32  Zergling x8  
  75  15:33  Drone x2  
  77  15:47  Mutalisk x2  
  77  15:48  Drone  
  82  15:52  Extractor, Spine Crawler  
  82  15:53  Extractor  
  82  15:54  Zergling x2  
  82  15:55  Zergling x2  
  81  16:03  Hatchery  
  74  16:14  Mutalisk x3  
  74  16:16  Drone x3  
  74  16:17  Zergling x2  
  80  16:28  Hatchery  
  79  16:39  Greater Spire  
  79  16:49  Drone x2  
  79  16:50  Drone  
  79  16:51  Mutalisk x2  
  79  16:52  Zergling x8  
  87  17:26  Corruptor x2  
  87  17:27  Corruptor  
  93  17:30  Drone x4  
  93  17:31  Drone  
  98  17:37  Drone  
  98  17:38  Overlord x3  
  98  17:39  Overlord x2  
  99  17:46  Drone x2  
  101  17:54  Corruptor x2  
  101  17:56  Zergling x6  
  101  17:57  Drone x3  
  111  18:07  Extractor, Spine Crawler  
  111  18:08  Extractor  
  97  18:19  Drone x3  
  101  18:20  Drone  
  101  18:23  Brood Lord x2  
  105  18:29  Brood Lord  
  105  18:30  Drone  
  105  18:31  Drone  
  109  18:35  Drone  
  109  18:36  Drone  
  111  18:53  Brood Lord x2  
  111  18:55  Drone x2  
  117  18:59  Corruptor  
  119  19:07  Zerg Flyer Weapons Level 2  
  119  19:12  Drone x2  
  119  19:13  Drone  
  122  19:23  Corruptor  
  120  19:24  Corruptor  
  120  19:34  Viper x2  
  112  19:46  Corruptor x2  
  105  20:02  Corruptor x3  
  99  20:16  Corruptor x3  
  99  20:18  Drone x2  
  107  20:28  Drone  
  107  20:29  Drone x3  
  111  20:44  Hatchery  
  111  20:46  Corruptor x2  
  114  20:54  Brood Lord  
  90  21:27  Brood Lord x6, Corruptor  
  90  21:29  Zergling x4  
  90  21:30  Zergling x6  
  90  21:31  Drone  
  90  21:32  Drone  
  111  21:37  Spore Crawler  
  110  21:40  Spore Crawler  
  110  21:41  Spore Crawler  
  110  21:46  Corruptor  
  108  21:51  Corruptor  
  112  22:07  Corruptor x3  
  106  22:19  Zergling x2  
Show
View Real Time Build Order
Export as new Build Order

Hydra Zerg 

Build Orders: Hatch First 

Get SALT Encoding   

  12  0:00  Drone  
  13  0:12  Overlord  
  13  0:18  Drone  
  14  0:30  Drone x2  
  16  0:51  Hatchery  
  16  0:54  Drone  
  16  0:58  Drone  
  16  1:01  Drone  
  18  1:06  Drone  
  19  1:17  Drone  
  20  1:24  Spawning Pool  
  19  1:26  Extractor  
  18  1:43  Hatchery  
  17  1:47  Drone  
  17  1:50  Drone  
  19  1:54  Drone  
  20  2:02  Drone  
  20  2:03  Drone  
  22  2:13  Queen  
  24  2:23  Queen  
  24  2:28  Drone  
  27  2:30  Drone  
  27  2:35  Overlord  
  28  2:47  Metabolic Boost  
  28  2:52  Overlord  
  28  2:56  Drone x4  
  32  2:58  Drone  
  32  3:01  Drone  
  32  3:05  Drone  
  35  3:07  Drone  
  37  3:12  Drone, Evolution Chamber  
  37  3:15  Drone  
  37  3:18  Drone  
  37  3:19  Drone  
  39  3:21  Drone  
  40  3:27  Queen  
  42  3:43  Zerg Ground Armor Level 1  
  42  3:44  Overlord  
  42  3:45  Overlord  
  42  3:48  Drone x5  
  47  3:56  Zergling x6  
  50  4:03  Zergling x2  
  50  4:09  Zergling x10  
  51  4:36  Zergling x6  
  51  4:37  Zergling x8  
  58  4:39  Spine Crawler  
  58  4:43  Spine Crawler, Overlord  
  58  4:44  Spine Crawler, Overlord  
  55  4:51  Overlord x2  
  55  4:58  Overlord  
  55  5:00  Baneling Nest  
  54  5:13  Drone  
  52  5:16  Drone  
  52  5:20  Zergling x6  
  52  5:21  Zergling x2  
  57  5:23  Zergling x2  
  57  5:28  Zergling x6  
  57  5:35  Zergling x4  
  55  5:43  Zergling x2  
  55  5:45  Zergling x2  
  56  5:54  Drone x2  
  55  6:10  Zergling x4  
  57  6:29  Zergling x8  
  60  6:32  Zerg Melee Weapons Level 1  
  60  6:36  Lair  
  60  6:37  Extractor, Drone  
  60  6:38  Drone  
  61  6:48  Baneling  
  61  6:49  Baneling x6  
  61  6:50  Hatchery, Zergling x4  
  62  6:59  Hatchery  
  54  7:01  Zergling x2  
  54  7:02  Zergling x2  
  55  7:10  Zergling x4  
  55  7:12  Baneling  
  55  7:13  Baneling x5  
  56  7:19  Zergling x2  
  56  7:21  Zergling x2  
  58  7:25  Zergling x8  
  58  7:27  Zergling x4  
  64  7:32  Zergling x2  
  64  7:34  Baneling x4  
  64  7:36  Zergling x2  
  66  7:42  Zergling x2  
  66  7:43  Baneling  
  67  7:45  Zergling x2  
  68  7:54  Zergling x12  
  64  8:18  Zergling x14  
  68  8:23  Zergling x8  
  68  8:24  Zergling x8  
  74  8:30  Zergling x4  
  75  8:39  Zergling x2  
  75  8:41  Drone x2  
  73  8:43  Queen  
  73  8:44  Queen  
  77  8:48  Infestation Pit  
  77  8:50  Zerg Ground Armor Level 2  
  77  8:51  Zergling x6  
  77  8:52  Zergling x12  
  77  8:55  Drone x2  
  87  8:58  Drone x2  
  89  9:07  Zergling x6  
  92  9:13  Drone  
  92  9:24  Drone x3  
  95  9:25  Overlord  
  95  9:28  Overlord  
  95  9:29  Overlord  
  95  9:36  Pathogen Glands  
  95  9:37  Extractor, Overlord x3  
  94  9:40  Extractor  
  93  9:48  Zergling x24  
  93  9:52  Zergling x2  
  106  9:55  Zergling x12  
  112  10:03  Zergling x6  
  112  10:04  Infestor  
  117  10:07  Baneling x3  
  91  10:36  Zergling x4  
  91  10:37  Zergling x8  
  91  10:38  Zergling x8  
  98  10:47  Zergling x30  
  112  10:57  Infestor  
  112  11:01  Centrifical Hooks  
  110  11:12  Baneling x12  
  110  11:13  Baneling x2  
  110  11:18  Baneling x4  
  110  11:19  Zergling x14  
  77  11:47  Zergling x30  
  77  11:49  Zergling x2  
  89  11:59  Zergling x6  
  85  12:04  Infestor  
  78  12:09  Hydralisk Den  
  78  12:10  Zerg Missile Weapons Level 1  
  78  12:11  Zergling x2  
  78  12:13  Drone x2  
  78  12:15  Drone x2  
  82  12:18  Baneling x10  
  82  12:19  Zergling x2  
  82  12:20  Drone  
  82  12:21  Drone x2  
  82  12:22  Drone  
  87  12:31  Infestor  
  87  12:32  Zergling x2  
  87  12:33  Zergling x2  
  87  12:34  Zergling x2  
  87  12:36  Extractor x2  
  90  12:38  Drone x2  
  90  12:39  Drone x2  
  90  12:42  Drone x2  
  96  12:44  Drone x2  
  96  12:50  Drone x2  
  100  12:55  Extractor  
  99  12:58  Zergling x14  
  99  13:21  Infestor x3  
  99  13:24  Baneling  
  99  13:25  Baneling x2  
  99  13:26  Zergling x28  
  116  13:28  Baneling x2  
  116  13:29  Zergling x4  
  116  13:33  Zergling x2  
  119  13:36  Overlord x2  
  119  13:39  Overlord  
  119  13:41  Baneling x4  
  119  13:42  Baneling  
  119  13:45  Overlord  
  119  13:50  Baneling x3  
  119  13:51  Baneling x3, Overlord  
  119  14:00  Overlord  
  119  14:08  Infestor  
  121  14:17  Overlord  
  121  14:19  Hydralisk x3  
  127  14:28  Infestor  
  127  14:30  Zergling x22  
  133  14:35  Hydralisk x2  
  133  14:38  Hydralisk  
  139  14:42  Zergling x4  
  139  14:44  Hydralisk  
  127  14:56  Hydralisk x2  
  124  15:00  Zergling x12  
  129  15:13  Infestor  
  129  15:14  Hydralisk, Infestor  
  112  15:16  Zergling x10  
  112  15:20  Hydralisk  
  123  15:29  Overlord  
  123  15:32  Overlord  
  121  15:46  Infestor x2  
  121  15:47  Zergling x8  
  121  15:48  Zergling x12  
  135  15:52  Zergling x6  
  130  16:10  Infestor  
  130  16:11  Infestor  
  114  16:14  Hydralisk  
  114  16:15  Hydralisk  
  114  16:18  Hydralisk  
  116  16:26  Zergling x16  
  124  16:35  Zerg Missile Weapons Level 2  
  122  16:46  Zergling x12  
  122  16:48  Hatchery  
  107  17:03  Hydralisk x2  
  107  17:04  Zergling x6  
  107  17:05  Zergling x6  
  115  17:09  Drone  
  115  17:13  Drone x2  
  114  17:20  Drone  
  114  17:21  Drone  
  116  17:24  Hydralisk  
  118  17:32  Hydralisk x2  
  118  17:34  Baneling x2  
  116  17:48  Zergling x10  
  112  17:51  Drone x2  
  112  17:57  Drone x2  
  115  18:01  Drone x2  
  115  18:03  Drone  
  118  18:09  Drone x2  
  118  18:10  Drone  
  120  18:20  Infestor  
  120  18:22  Hydralisk  
  120  18:23  Hydralisk  
  120  18:24  Drone  
  127  18:29  Infestor  
  129  18:35  Zergling x2  
  129  18:49  Infestor x2  
  133  19:02  Infestor x2  
  134  19:03  Hydralisk x3  
  134  19:09  Infestor  
  144  19:11  Zergling x16  
  144  19:15  Drone  
  153  19:18  Overlord  
  153  19:20  Infestor  
  152  19:31  Hydralisk  
  152  19:32  Hydralisk x2  
  152  19:37  Drone x3  
  161  19:49  Drone x2  
  114  20:16  Zergling x24  
  114  20:20  Zergling x14  
  111  20:25  Queen  
  113  20:29  Hydralisk x2  
  114  20:44  Hydralisk x2  
  114  20:48  Hydralisk x2, Zergling x2  
  109  21:14  Zergling x18  
  115  21:19  Hydralisk x2  
  115  21:20  Hydralisk x3  
  115  21:21  Zergling x2  
  126  21:26  Hydralisk x2  
  126  21:28  Hydralisk x2  
  126  21:32  Hydralisk  
  134  21:38  Extractor  
  134  21:39  Extractor  
  132  21:41  Hydralisk x4  
  138  21:53  Hatchery  
  137  21:54  Hatchery  
  137  21:55  Lurker Den  
  119  22:12  Hydralisk x10  
  119  22:14  Hydralisk  
  123  22:20  Hydralisk x2  
Show
View Real Time Build Order
Export as new Build Order

Teslon Protoss 

Build Orders: 1 Gate Expand, Oracle Opening 

Get SALT Encoding   

  12  0:01  Probe  
  13  0:13  Probe  
  14  0:25  Probe, Pylon  
  15  0:43  Probe  
  15  0:44  Gateway  
  16  0:56  Probe (Chrono Boost)  
  17  0:59  Assimilator  
  17  1:06  Probe (Chrono Boost)  
  18  1:11  Probe (Chrono Boost)  
  19  1:23  Probe (Chrono Boost)  
  20  1:28  Probe (Chrono Boost)  
  21  1:35  Nexus  
  21  1:45  Cybernetics Core  
  21  1:53  Probe  
  22  2:04  Assimilator  
  22  2:05  Probe  
  23  2:08  Pylon  
  23  2:23  Warp Gate  
  23  2:26  Probe, Stalker  
  26  2:39  Probe (Chrono Boost), Pylon  
  27  2:48  Probe (Chrono Boost)  
  29  2:51  Probe (Chrono Boost)  
  29  2:54  Stargate  
  30  2:58  Probe (Chrono Boost)  
  30  2:59  Probe (Chrono Boost)  
  30  3:03  Probe (Chrono Boost)  
  30  3:04  Stalker  
  30  3:05  Probe  
  35  3:18  Probe (Chrono Boost)  
  37  3:22  Probe (Chrono Boost)  
  38  3:28  Probe (Chrono Boost)  
  38  3:32  Probe (Chrono Boost), Gateway  
  38  3:33  Probe (Chrono Boost)  
  39  3:34  Stalker  
  39  3:40  Oracle  
  45  3:41  Probe (Chrono Boost)  
  45  3:47  Probe (Chrono Boost)  
  47  3:54  Probe (Chrono Boost)  
  48  4:01  Probe x2 (Chrono Boost)  
  50  4:05  Shield Battery  
  50  4:07  Shield Battery  
  50  4:09  Probe  
  51  4:15  Gateway  
  51  4:45  Stalker  
  49  4:46  Stalker  
  41  4:54  Probe (Chrono Boost)  
  41  4:55  Probe (Chrono Boost)  
  41  5:03  Probe (Chrono Boost)  
  41  5:04  Probe (Chrono Boost)  
  36  5:08  Probe (Chrono Boost)  
  36  5:09  Probe (Chrono Boost)  
  37  5:20  Probe x2  
  37  5:32  Probe  
  37  5:33  Probe  
  35  5:44  Probe (Chrono Boost)  
  35  5:45  Probe (Chrono Boost)  
  37  5:56  Probe (Chrono Boost)  
  36  5:57  Probe (Chrono Boost)  
  36  6:01  Stalker x2  
  40  6:05  Probe x2 (Chrono Boost)  
  40  6:10  Probe  
  42  6:11  Probe, Assimilator  
  41  6:28  Phoenix  
  41  6:32  Pylon  
  43  6:36  Robotics Facility  
  43  6:39  Twilight Council  
  43  6:40  Gateway  
  43  6:46  Gateway  
  43  6:51  Assimilator, Stalker x2  
  47  6:54  Phoenix (Chrono Boost)  
  47  6:56  Shield Battery  
  49  7:10  Phoenix (Chrono Boost)  
  51  7:18  Blink  
  51  7:19  Probe x2 (Chrono Boost)  
  53  7:31  Probe x2 (Chrono Boost)  
  53  7:35  Phoenix  
  57  7:38  Probe x2 (Chrono Boost)  
  59  7:45  Probe  
  49  7:59  Nexus  
  42  8:06  Stalker x4  
  40  8:30  Stalker x2  
  40  8:54  Probe (Chrono Boost)  
  42  8:56  Probe (Chrono Boost)  
  42  9:06  Probe x2 (Chrono Boost)  
  44  9:13  Probe x2  
  46  9:18  Phoenix (Chrono Boost)  
  48  9:25  Probe  
  48  9:26  Probe  
  50  9:37  Probe (Chrono Boost)  
  50  9:38  Probe (Chrono Boost), Phoenix (Chrono Boost)  
  54  9:50  Probe (Chrono Boost)  
  56  9:55  Probe (Chrono Boost)  
  56  9:59  Probe (Chrono Boost)  
  57  10:02  Probe (Chrono Boost)  
  57  10:05  Probe  
  59  10:13  Probe  
  60  10:15  Phoenix  
  60  11:25  Probe (Chrono Boost)  
  61  11:26  Probe (Chrono Boost)  
  62  11:35  Probe x2 (Chrono Boost)  
  62  11:36  Probe (Chrono Boost)  
  61  11:42  Phoenix (Chrono Boost)  
  61  11:43  Probe (Chrono Boost)  
  61  11:44  Probe x2 (Chrono Boost)  
  64  11:48  Fleet Beacon  
  64  11:49  Probe (Chrono Boost)  
  64  11:50  Probe x2 (Chrono Boost)  
  64  11:52  Stargate  
  67  11:58  Templar Archives, Phoenix (Chrono Boost)  
  67  11:59  Probe  
  70  12:02  Assimilator  
  70  12:22  Phoenix  
  72  12:45  Probe x2 (Chrono Boost)  
  72  12:47  Probe (Chrono Boost)  
  75  12:56  Probe x2 (Chrono Boost)  
  77  12:59  Assimilator  
  77  13:08  Anion Pulse-Crystals  
  77  13:14  Phoenix  
  77  13:18  Probe x2  
  77  13:20  Protoss Air Weapons Level 1  
  77  13:43  Probe x2  
  77  13:51  Pylon  
  77  13:53  Psionic Storm, Pylon  
  77  13:54  Pylon  
  77  13:55  Pylon  
  77  14:03  Pylon  
  77  14:06  Pylon x2  
  77  14:09  Probe, Phoenix x2, Pylon  
  82  14:34  Phoenix  
  78  15:16  Stalker x4  
  76  15:43  High Templar x3  
  76  15:44  High Templar  
  78  16:24  Phoenix x2 (Chrono Boost)  
  80  16:29  High Templar x4  
  88  16:36  Archon x2  
  88  16:40  Phoenix x2 (Chrono Boost)  
  84  17:01  Phoenix x2 (Chrono Boost)  
  88  17:19  Phoenix  
  82  17:56  Phoenix x2  
  86  17:58  High Templar x2  
  86  17:59  High Templar x2  
  94  18:18  Gateway x2  
  94  18:21  Phoenix x2  
  98  18:27  Gateway  
  98  18:29  Gateway  
  98  18:30  Gateway  
  98  18:33  Gateway  
  98  18:44  Protoss Air Weapons Level 2  
  98  18:46  Phoenix x2  
  101  19:11  Phoenix  
  91  19:50  Phoenix (Chrono Boost)  
  91  19:51  Phoenix (Chrono Boost)  
  95  20:07  Phoenix x2 (Chrono Boost)  
  89  20:31  Phoenix  
  89  20:32  Zealot  
  89  20:33  Zealot x7  
  89  20:34  Zealot  
  109  20:55  Phoenix  
  109  21:03  Phoenix  
  71  21:20  Phoenix  
  73  21:28  High Templar x2  
  73  21:29  High Templar  
  75  21:36  Zealot x2  
  75  21:37  Zealot x5  
  53  22:23  Zealot  
  53  22:24  Zealot x4  
  53  22:25  Zealot x5  
Tags
 
Add a new tag
Caveats
  • Supply blocks, unpowered buildings, or Contaminate may cause inaccurate times.
  • Supply counts are checked every 10 seconds.